 Dungeon Crawl Stone Soup version 0.30.1-11-g7821555f0a (webtiles) character file.

Game seed: 14863723042203453920

17852 fireball365 the Severer (level 12, -26/108 HPs)
             Began as a Hill Orc Fighter on Nov 14, 2023.
             Was an Initiate of Gozag.
             Killed from afar by a tengu reaver (31 damage)
             ... with a bolt of fire
             ... on level 11 of the Dungeon.
             The game lasted 00:27:19 (12208 turns).

fireball365 the Severer (Hill Orc Fighter)         Turns: 12208, Time: 00:27:20

Health: -26/108    AC: 20    Str: 24    XL:     12   Next: 52%
Magic:  12/12      EV:  7    Int:  8    God:    Gozag
Gold:   2725       SH: 13    Dex: 10    Spells: 11/11 levels left

rFire   . . .        a - +1 war axe (heavy)
rCold   . . .        h - +2 kite shield
rNeg    . . .        f - +0 plate armour
rPois   .            J - +2 hat {Stlth+}
rElec   .            F - +1 cloak {Will+}
rCorr   .            r - +0 pair of gloves
SInv    .            N - +2 pair of boots
Will    +....        (no amulet)
Stlth   x              - ring of protection from fire
HPRegen 0.38/turn    (no ring)
MPRegen 0.13/turn

%: no passive effects
@: corroded
A: heat vulnerability 1, subdued magic 1
a: Renounce Religion, Potion Petition, Call Merchant, Bribe Branch


You were on level 11 of the Dungeon.
You worshipped Gozag.
Gozag was most pleased with you.
You visited 2 branches of the dungeon, and saw 12 of its levels.
You also visited: Ossuary.

You collected 2785 gold pieces.
You paid 60 gold pieces to Gozag.

Inventory:

Hand Weapons
 a - a +1 heavy war axe (weapon)
Missiles
 H - a throwing net (quivered)
Armour
 e - a +0 chain mail
 f - a +0 plate armour (worn)
 h - a +2 kite shield (worn)
 m - a +1 helmet
 r - a +0 pair of gloves (worn)
 F - a +1 cloak of willpower (worn)
 I - a +0 tower shield
 J - a +2 hat of stealth (worn)
 N - a +2 pair of boots (worn)
Jewellery
 x - a ring of protection from fire (left hand)
 L - a ring of flight
 O - a ring of ice
Wands
 b - a wand of quicksilver (4)
 n - a wand of mindburst (4)
 C - a wand of iceblast (27)
 M - a wand of flame (7)
Scrolls
 o - a scroll of poison {unknown}
 v - a scroll of silence
 w - a scroll of immolation
 y - a scroll of fear
 A - 2 scrolls of fog
 B - a scroll of brand weapon
 E - a scroll of magic mapping
 G - 3 scrolls of identify
 K - 3 scrolls of enchant armour
 P - a scroll of enchant weapon
Potions
 c - a potion of ambrosia {unknown}
 d - 9 potions of might
 g - 3 potions of curing
 i - 3 potions of brilliance {unknown}
 j - 2 potions of magic {unknown}
 k - 2 potions of degeneration {unknown}
 l - 2 potions of invisibility {unknown}
 p - 2 potions of haste {unknown}
 s - 3 potions of cancellation
 t - 3 potions of attraction
 u - 4 potions of flight
 z - a potion of berserk rage {unknown}
 D - 4 potions of lignification


   Skills:
 + Level 10.9 Fighting
 + Level 16.1 Axes
 + Level 10.9 Armour
 + Level 1.8 Dodging
 + Level 1.7 Stealth
 + Level 10.4 Shields
 + Level 1.0 Evocations


You had 11 spell levels left.
You didn't know any spells.
Your spell library contained the following spells:

 Spells                   Type           Power      Damage    Failure   Level
 Magic Dart               Conj           0%         1d3       100%        1
 Necrotise                Necr           0%         1d4       100%        1
 Call Imp                 Summ           0%         N/A       100%        2
 Lesser Beckoning         Tloc           0%         N/A       100%        2
 Sublimation of Blood     Necr           0%         N/A       100%        2
 Wereblood                Tmut           0%         N/A       100%        2
 Gell's Gravitas          Tloc           0%         N/A       100%        3
 Mephitic Cloud           Conj/Pois/Air  0%         N/A       100%        3
 Summon Guardian Golem    Hex/Summ       0%         N/A       100%        3
 Teleport Other           Tloc           0%         N/A       100%        3
 Vampiric Draining        Necr           0%         2d6       100%        3
 Vhi's Electric Charge    Tloc/Air       0%         N/A       100%        3
 Agony                    Necr           0%         N/A       100%        5
 Arcjolt                  Conj/Air       0%         1d10      100%        5
 Summon Forest            Summ/Tloc      0%         N/A       100%        5
 Summon Mana Viper        Hex/Summ       0%         N/A       100%        5
 Plasma Beam              Fire/Air       0%         2x1d11    100%        6
 Summon Cactus Giant      Summ           0%         N/A       100%        6
 Orb of Destruction       Conj           0%         9d5       100%        7
 Spellforged Servitor     Conj/Summ      0%         N/A       100%        7
 Summon Hydra             Summ           0%         N/A       100%        7


Dungeon Overview and Level Annotations

Branches:
Dungeon (11/15)            Temple (1/1) D:4            Lair (0/5) D:9
    Orc (0/2) D:11        Ossuary (visited)

Altars:
Ashenzari
Cheibriados
Dithmenos
Elyvilon
Fedhas
Gozag
Hepliaklqana
Kikubaaqudgha
Makhleb
Nemelex Xobeh
Okawaru
Qazlal
Ru
Sif Muna
Trog
Uskayaw
Vehumet
Wu Jian
Xom
Yredelemnul
Zin
The Shining One

Annotations:
D:10 1 runed translucent door


Innate Abilities, Weirdness & Mutations

You are vulnerable to heat. (rF-)
Your spells are a little easier to cast, but a little less powerful.


Message History

You now have 2725 gold pieces (gained 19).
You see here 4 large rocks.
The tengu reaver shouts!
The tengu reaver gestures at you while chanting.
The bolt of fire hits you!! The tengu reaver casts a spell at you.
The bolt of acid hits you!! The acid corrodes you!
You hit the tengu reaver but do no damage.
You block the tengu reaver's attack. The tengu reaver closely misses you.
The tengu reaver claws you but does no damage.
The tengu reaver blocks your attack.
The tengu reaver hits you with a +1 war axe of flaming!
The tengu reaver burns you.
The tengu reaver pecks you but does no damage.
The tengu reaver barely misses you.
You closely miss the tengu reaver.
The tengu reaver hits you with a +1 war axe of flaming.
The tengu reaver burns you. You block the tengu reaver's attack.
The tengu reaver claws you but does no damage.
You slash the tengu reaver!
The tengu reaver is lightly wounded.
You block the tengu reaver's attack.
The tengu reaver pecks you but does no damage.
The tengu reaver claws you but does no damage.
The tengu reaver blocks your attack.
The tengu reaver is lightly wounded.
You block the tengu reaver's attack.
The tengu reaver pecks you but does no damage.
The tengu reaver claws you but does no damage.
You barely miss the tengu reaver.
The tengu reaver is lightly wounded.
The tengu reaver casts a spell at you. The bolt of lightning hits you!!!
* * * LOW HITPOINT WARNING * * *
You miss the tengu reaver.
The tengu reaver is lightly wounded.
The tengu reaver points at you and mumbles some strange words.
The bolt of fire hits you!!
You die...
Your body crumbles into a pile of gold.

########## .........#
.........########
................########
........................
........................
............(...@Q......
......).........####....
......)..)..<...# .
..)...8)..####..#
.......)### #..#
........# #..# ........#
#..# $ ........# #..#
####....'. #..#


You could see a tengu reaver.

Vanquished Creatures
  Gastronok (D:8)
  Fannar (D:11)
  A boulder beetle (D:9)
  A two-headed ogre (D:11)
  An obsidian statue (D:10)
  Pikel (D:4)
  An orc knight (D:11)
  2 cyclopes (D:11)
  A komodo dragon (D:11)
  3 kobold demonologists (D:11)
  The ghost of lonewolfV2 the Trooper, an amateur FoFi (D:4)
  4 trolls
  A hornet (D:10)
  The ghost of KittyFluff the Cudgeller, an amateur GrBe of Trog (D:4)
  A wyvern (D:9)
  18 yaks
  2 wraiths
  Grum (D:8)
  A steam dragon (D:9)
  2 hell hounds (D:11)
  12 wargs
  2 water moccasins
  A sky beast (D:7)
  An ice beast (D:5)
  8 orc warriors
  2 wolves (D:8)
  8 centaurs
  The ghost of KittyFluff the Cudgeller, an amateur GrBe of Trog (D:3)
  A phantom (D:7)
  A lemure (D:4)
  11 kobold brigands
  An elf zombie (Ossuary)
  2 bullfrogs
  6 gnoll sergeants (D:11)
  A scorpion (D:5)
  Blork the orc (D:4)
  3 wights (D:9)
  14 killer bees
  2 electric eels (D:9)
  2 howler monkeys (D:9)
  The ghost of middlethird the Cudgeller, a weakling VSMo (D:4)
  2 jellies (D:6)
  Crazy Yiuf (D:6)
  5 orc priests
  3 hounds (D:5)
  7 gnoll boudas (D:11)
  2 iguanas
  Natasha (thrice) (D:3)
  12 orc wizards
  3 mummies (Ossuary)
  7 gnolls
  4 adders
  A shadow imp (D:4)
  A white imp (D:8)
  An ufetubus (D:4)
  A worm (D:2)
  3 dart slugs
  32 orcs
  11 ball pythons
  6 endoplasms
  2 giant cockroaches (D:2)
  A goblin (D:2)
  5 hobgoblins
  A quokka (D:2)
  2 bats
  A frilled lizard (D:2)
  2 goblin zombies (Ossuary)
  2 hobgoblin zombies (Ossuary)
  22 kobolds
  2 kobold zombies (Ossuary)
  9 rats
280 creatures vanquished.

Vanquished Creatures (others)
  A wizard (D:6)
1 creature vanquished.

Grand Total: 281 creatures vanquished

Notes
Turn   | Place    | Note
-------+----------+-------------------------------------------
     0 | D:1      | fireball365 the Hill Orc Fighter began the quest for the
                  | Orb.
     0 | D:1      | Reached XP level 1. HP: 19/19 MP: 1/1
   424 | D:1      | Reached XP level 2. HP: 27/27 MP: 2/2
   850 | D:2      | Reached skill level 3 in Axes
   890 | D:2      | Reached XP level 3. HP: 12/33 MP: 3/3
  1034 | D:2      | Reached skill level 4 in Axes
  1042 | D:2      | Reached XP level 4. HP: 38/40 MP: 4/4
  1649 | D:3      | Found a runed translucent gate.
  1649 | D:3      | Noticed lonewolfV2's ghost (amateur FoFi)
  1650 | D:3      | Found a runed translucent gate.
  1656 | D:3      | Found a runed translucent gate.
  1656 | D:3      | Noticed KittyFluff's ghost (amateur GrBe)
  1656 | D:3      | Noticed middlethird's ghost (weakling VSMo)
  1657 | D:3      | Noticed KittyFluff's ghost (amateur GrBe)
  1773 | D:3      | Noticed Natasha
  1782 | D:3      | Killed Natasha
  1783 | D:3      | Reached skill level 5 in Axes
  1783 | D:3      | Reached XP level 5. HP: 45/46 MP: 5/5
  2246 | D:3      | Noticed Natasha
  2252 | D:3      | Killed Natasha
  2317 | D:4      | Killed KittyFluff's ghost
  2318 | D:4      | Reached skill level 6 in Axes
  2318 | D:4      | Reached XP level 6. HP: 19/53 MP: 6/6
  2456 | D:4      | Killed middlethird's ghost
  2488 | D:4      | Killed lonewolfV2's ghost
  2489 | D:4      | Reached skill level 7 in Axes
  2489 | D:4      | Reached skill level 5 in Armour
  2489 | D:4      | Reached XP level 7. HP: 22/60 MP: 7/7
  2694 | D:3      | Killed KittyFluff's ghost
  2695 | D:3      | Reached skill level 5 in Fighting
  2766 | D:3      | Noticed Natasha
  2773 | D:3      | Killed Natasha
  2836 | D:4      | Found a staircase to the Ecumenical Temple.
  2848 | D:4      | Noticed Pikel
  2867 | D:4      | HP: 3/61 [Pikel/+1 whip of flaming (1)]
  2870 | D:4      | Killed Pikel
  2871 | D:4      | Reached skill level 9 in Axes
  2871 | D:4      | Reached XP level 8. HP: 10/70 MP: 8/8
  2873 | Temple   | Entered the Ecumenical Temple
  3113 | Temple   | Became a worshipper of Gozag Ym Sagoz the Greedy
  3851 | D:4      | Noticed Blork the orc
  3860 | D:4      | Killed Blork the orc
  3861 | D:4      | Reached skill level 1 in Dodging
  4065 | D:5      | Entered Level 5 of the Dungeon
  4123 | D:5      | Found an iron altar of Okawaru.
  4138 | D:5      | Reached skill level 10 in Axes
  4138 | D:5      | Identified the +0 helmet "Tujuix" {Fly rC- rCorr Str-4}
  4346 | D:5      | Reached XP level 9. HP: 75/75 MP: 9/9
  4377 | D:5      | Found a hide-covered altar of Uskayaw.
  4377 | D:5      | Found a shadowy altar of Dithmenos.
  4593 | D:6      | Identified the scarf of Gudoh {harm, rF+}
  4704 | D:6      | Found a runed translucent door.
  4705 | D:6      | Noticed Crazy Yiuf
  4737 | D:6      | Found a snail-covered altar of Cheibriados.
  4931 | D:6      | Found a bloodstained altar of Trog.
  4933 | D:6      | Noticed a wizard
  4938 | D:6      | Killed a wizard
  5205 | D:6      | Killed Crazy Yiuf
  5370 | D:7      | Found a sand-covered staircase.
  5375 | Ossuary  | Entered an ossuary
  5474 | Ossuary  | Reached skill level 11 in Axes
  5848 | D:7      | Reached skill level 5 in Shields
  6188 | D:7      | Found a sparkling altar of Nemelex Xobeh.
  6541 | D:8      | Noticed Gastronok
  6570 | D:8      | Killed Gastronok
  6571 | D:8      | Reached skill level 12 in Axes
  6571 | D:8      | Reached XP level 10. HP: 20/88 MP: 10/10
  6758 | D:8      | Noticed Grum
  6762 | D:8      | Killed Grum
  6872 | D:8      | Identified the +7 trident "Juolax" {heavy, rF+ rC+ Int+3
                  | Dex+2}
  6902 | D:8      | Found a hazy altar of Hepliaklqana.
  6995 | D:8      | Found an ancient bone altar of Kikubaaqudgha.
  7084 | D:8      | Reached skill level 13 in Axes
  7734 | D:9      | Found a staircase to the Lair.
  7952 | D:9      | Reached skill level 1 in Stealth
  8263 | D:9      | Noticed a boulder beetle
  8296 | D:9      | Killed a boulder beetle
  8297 | D:9      | Reached XP level 11. HP: 44/97 MP: 11/11
  8596 | D:9      | Reached skill level 14 in Axes
  9315 | D:10     | Entered Level 10 of the Dungeon
  9447 | D:10     | Found a runed translucent door.
  9466 | D:10     | Noticed an obsidian statue
  9476 | D:10     | Found a runed translucent door.
  9490 | D:10     | Found a runed translucent door.
  9500 | D:10     | Found a runed translucent door.
  9537 | D:10     | Noticed a soul eater
  9545 | D:10     | Killed an obsidian statue
  9709 | D:10     | Paralysed by a hornet for 3 turns
  9734 | D:10     | Paralysed by a hornet for 2 turns
  9743 | D:10     | HP: 3/99 [poisoned by a hornet]
 10521 | D:11     | Noticed Fannar
 10533 | D:11     | Killed Fannar
 10534 | D:11     | Reached skill level 10 in Fighting
 10534 | D:11     | Reached skill level 10 in Armour
 10594 | D:11     | Reached skill level 15 in Axes
 10764 | D:11     | Found a staircase to the Orcish Mines.
 10981 | D:11     | Reached XP level 12. HP: 102/106 MP: 12/12
 11113 | D:11     | Noticed a two-headed ogre
 11538 | D:11     | Noticed a tengu reaver
 11544 | D:11     | Reached skill level 10 in Shields
 11826 | D:11     | Killed a two-headed ogre
 11962 | D:11     | Reached skill level 16 in Axes
 11999 | D:11     | Gained mutation: You are vulnerable to heat. (rF-) [a
                  | neqoxec]
 12000 | D:11     | Gained mutation: Your spells are a little easier to cast,
                  | but a little less powerful. [a neqoxec]
 12196 | D:11     | Reached skill level 1 in Evocations
 12207 | D:11     | HP: 5/108 [tengu reaver/bolt of lightning (39)]
 12208 | D:11     | Killed from afar by a tengu reaver

Illustrated notes

Levels and vault maps discovered:
D:1:      sevenhm_arrival_forest_fort_small_6, layout_loops_corners
D:2:      layout_rooms, hangedman_abyss_or_decor_stabs, lexackson_kobold_supper
D:3:      layout_basic, gammafunk_ghost_cemetery, st_stairs_4, uniq_natasha
D:4:      layout_basic, minmay_temple_entry_ruins,
          chequers_serial_rivers_micro_d, grunt_ministairs_13,
          kennysheep_generic_room_7, uniq_pikel, uniq_blork_the_orc
D:5:      layout_rooms, okawaru_ov_weapons_minmay,
          gammafunk_temple_overflow_pools
D:6:      layout_basic, kennysheep_little_box, trog_wizard,
          uniq_crazy_yiuf_cottage
D:7:      layout_basic, mainiacjoe_overflow_concentric_impassable,
          enter_ossuary_2
D:8:      layout_gridville, old_standard_altar, lemuel_doored_altar, uniq_grum,
          uniq_gastronok
D:9:      nzn_winding_woodlands_cross
          [nzn_winding_woodlands_5x15_pathside_ponds,
          nzn_winding_woodlands_5x15_river_crossing,
          nzn_winding_woodlands_5x15_eye, nzn_winding_woodlands_5x15_jagged,
          nzn_winding_woodlands_15x15_eel_pit], layout_loops_corners,
          lair_entry_dummy, minmay_gold_behind_fungi
D:10:     layout_roguey, minmay_statue_crystal_thing
D:11:     lemuel_castle_with_subvaults [lemuel_castle_interior_original],
          layout_irregular_city, hiddenorc1_lemuel, serial_column_ruins,
          column_ruins_columns_straight, column_ruins_columns_straight,
          column_ruins_grid_1, column_ruins_grid_3, uniq_fannar
Temple:   compressed_dpeg_circular_temple

Skill      XL: |  1  2  3  4  5  6  7  8  9 10 11 12 |
---------------+-------------------------------------+-----
Axes           | 3 4 5 6 7 9 10 12 13 15 16 | 16.1
Fighting       | 4 5 6 8 9 10 | 10.9
Armour         | 4 5 6 8 10 | 10.9
Shields        | 4 5 8 9 10 | 10.4
Dodging        | 1 |  1.8
Stealth        | 1 |  1.7
Evocations     | 1 |  1.0

Action                     |  1- 3 |  4- 6 |  7- 9 | 10-12 || total
---------------------------+-------+-------+-------+-------++-------
  Melee: War axe           |    63 |   321 |   214 |   434 ||  1032
  Evoke: Wand              |       |       |       |     4 ||     4
    Use: Scroll            |       |     3 |    11 |     8 ||    22
         Potion            |       |     2 |     1 |     6 ||     9
   Stab: Distracted        |       |       |     1 |     4 ||     5
 Armour: Scale mail        |     9 |       |       |       ||     9
         Chain mail        |    45 |    81 |    94 |       ||   220
         Plate armour      |       |       |    88 |   411 ||   499
  Dodge: Dodged            |    17 |    59 |    79 |   155 ||   310
  Block: Buckler           |    11 |    38 |    30 |       ||    79
         Kite shield       |       |       |    42 |   392 ||   434
